Map: Acid Plant LE

Players

Dark - Winner!

  • Race: Zerg Zerg
  • Spawn Location: 11:00

SpeCial

  • Race: Terran Terran
  • Spawn Location: 5:00

Event: WESG 2017 Haikou

VOD

Have the link to the VOD?

Description

Time

  • Played on: March 14, 2018, 11:47 p.m.
  • Length: 17:18

All games in this series

Show
View Real Time Build Order
Export as new Build Order

Dark Zerg - Winner!

Build Orders: Hatch First 

Get SALT Encoding   

  12  0:01  Drone  
  13  0:12  Overlord  
  13  0:17  Drone  
  14  0:31  Drone x2  
  14  0:35  Drone  
  17  0:52  Hatchery  
  17  0:55  Drone  
  17  0:58  Drone  
  18  1:10  Extractor  
  17  1:13  Spawning Pool  
  17  1:16  Drone  
  17  1:19  Drone  
  18  1:28  Drone  
  19  1:38  Drone  
  20  1:49  Overlord  
  20  1:59  Queen  
  22  2:03  Queen  
  22  2:04  Zergling x2  
  22  2:05  Zergling x2  
  26  2:11  Drone  
  26  2:13  Metabolic Boost  
  26  2:14  Drone  
  28  2:22  Drone  
  28  2:39  Drone  
  28  2:40  Hatchery  
  28  2:45  Drone  
  28  2:46  Queen  
  31  2:52  Overlord  
  31  2:55  Drone x2  
  33  3:01  Drone x2  
  35  3:13  Drone x2  
  35  3:14  Drone x2  
  35  3:15  Drone  
  35  3:16  Drone  
  35  3:18  Drone  
  35  3:19  Drone  
  43  3:28  Overlord  
  43  3:31  Roach Warren  
  43  3:34  Drone  
  43  3:47  Drone  
  45  3:48  Drone x3  
  45  3:50  Extractor x2, Zergling x6  
  45  3:53  Drone  
  45  3:55  Zergling x4  
  51  3:56  Overlord x2  
  51  4:01  Queen  
  53  4:03  Drone  
  53  4:05  Drone  
  55  4:14  Roach x3  
  61  4:21  Drone  
  61  4:22  Lair  
  62  4:25  Drone x2  
  62  4:26  Drone, Spore Crawler  
  62  4:29  Drone x2  
  67  4:31  Drone  
  67  4:40  Overlord  
  67  4:42  Ravager x2  
  67  4:43  Drone x4  
  73  4:47  Overlord  
  72  4:58  Drone x2  
  72  5:01  Drone x2  
  73  5:07  Drone x2  
  73  5:08  Drone x4  
  73  5:10  Drone x2  
  73  5:11  Overlord  
  81  5:18  Overlord  
  81  5:19  Glial Reconstitution  
  81  5:25  Evolution Chamber x2  
  81  5:27  Extractor x2, Drone x2  
  81  5:28  Drone x2  
  81  5:31  Drone x3  
  84  5:40  Drone x2  
  84  5:41  Drone x2  
  88  5:48  Hatchery  
  87  5:53  Zerg Ground Armor Level 1, Zerg Melee Weapons Level 1  
  87  5:56  Baneling Nest  
  87  5:57  Infestation Pit  
  85  6:03  Hatchery  
  84  6:07  Roach x5  
  84  6:09  Ravager  
  95  6:12  Overlord x2  
  95  6:16  Overlord  
  95  6:17  Overlord  
  95  6:29  Roach  
  99  6:33  Roach x8  
  99  6:37  Hive  
  113  6:42  Drone x3  
  113  6:43  Drone x2  
  113  6:45  Centrifical Hooks  
  113  6:46  Drone x2  
  120  6:50  Zergling x6  
  123  6:55  Baneling x2  
  123  6:58  Drone x2  
  123  7:00  Drone x2, Spore Crawler  
  123  7:01  Drone  
  126  7:02  Drone  
  124  7:13  Drone  
  124  7:14  Drone x2  
  123  7:19  Zergling x4  
  122  7:27  Baneling x4  
  119  7:36  Drone x4  
  119  7:37  Drone, Zergling x2  
  124  7:38  Extractor, Spore Crawler, Zergling x24  
  135  7:44  Zergling x8  
  135  7:51  Ultralisk Cavern  
  137  7:53  Viper  
  137  7:55  Adrenal Glands  
  137  7:56  Ultralisk Cavern  
  137  7:57  Drone  
  137  7:58  Drone x2  
  139  8:07  Baneling x2  
  139  8:09  Zergling x6  
  139  8:11  Overlord x2  
  137  8:13  Zerg Melee Weapons Level 2  
  127  8:29  Baneling x2  
  127  8:30  Zergling x32  
  127  8:32  Overlord  
  127  8:33  Baneling, Zergling x4  
  127  8:34  Baneling x3  
  145  8:36  Hatchery, Zergling x4  
  145  8:37  Zergling x2  
  145  8:38  Zergling x4  
  145  8:39  Chitinous Plating  
  148  8:41  Ultralisk  
  148  8:42  Overlord  
  148  8:46  Zergling x4  
  156  8:51  Baneling  
  156  8:59  Overlord  
  156  9:08  Ultralisk x2  
  156  9:09  Baneling  
  168  9:11  Zergling x10  
  168  9:12  Overlord  
  168  9:13  Baneling x3  
  172  9:20  Zergling x2  
  172  9:21  Zergling x18  
  179  9:24  Baneling x3  
  179  9:25  Baneling x2  
  179  9:35  Ravager x2  
  179  9:36  Zergling x2  
  179  9:37  Zergling x18  
  188  9:41  Zergling x4  
  185  9:51  Zergling x12  
  176  9:56  Ultralisk  
  179  10:01  Baneling, Zergling x2  
  179  10:02  Baneling x5  
  179  10:05  Zergling x18  
  185  10:18  Zergling x8  
  185  10:19  Zergling x10  
  185  10:20  Zergling x4  
  165  10:34  Ultralisk x2, Baneling x2  
  165  10:35  Baneling  
  170  10:38  Zerg Melee Weapons Level 3  
  170  10:41  Baneling, Zergling x8  
  170  10:42  Zergling x18  
  183  10:45  Drone x2  
  183  10:47  Spore Crawler  
  183  10:49  Queen x3  
  190  10:54  Zerg Ground Armor Level 2  
  190  10:58  Drone x2  
  190  11:01  Spine Crawler  
  190  11:02  Spine Crawler  
  190  11:07  Spire  
  190  11:08  Zergling x16  
  195  11:11  Baneling  
  195  11:14  Baneling x3  
  195  11:15  Drone, Overlord x2  
  195  11:16  Drone x3  
  195  11:22  Drone x2  
  176  11:34  Ultralisk  
  176  11:35  Zergling x10  
  176  11:36  Baneling x4  
  176  11:38  Baneling x3  
  186  11:40  Zergling x2  
  186  11:41  Baneling x3  
  176  11:59  Hatchery  
  176  12:00  Zergling x2  
  176  12:01  Zergling x36  
  177  12:19  Zergling x22  
  177  12:21  Baneling x3  
  177  12:22  Corruptor x3  
  183  12:28  Baneling x2  
  189  12:30  Corruptor x2  
  187  12:39  Corruptor x2  
  187  12:41  Zergling x6  
  194  12:50  Zergling x6  
  194  12:51  Zergling x2  
  198  12:54  Baneling  
  198  12:55  Baneling  
  198  13:00  Zergling x4  
  198  13:01  Hatchery  
  198  13:05  Baneling x3  
  199  13:06  Baneling x4  
  199  13:12  Zerg Ground Armor Level 3  
  197  13:17  Baneling  
  197  13:18  Baneling  
  193  13:20  Drone x2  
  195  13:28  Baneling x3  
  195  13:29  Baneling x2  
  194  13:36  Greater Spire  
  194  13:39  Queen x2  
  194  13:40  Queen  
  176  14:14  Zergling x10  
  176  14:15  Zergling x32  
  167  14:20  Zergling x2  
  164  14:29  Zergling x6  
  167  14:32  Ultralisk  
  167  14:33  Zergling x12  
  167  14:35  Baneling x4, Zergling x6  
  167  14:36  Baneling x11  
  182  14:39  Corruptor x3  
  182  14:42  Zergling x2  
  182  14:43  Zergling x2  
  191  14:46  Drone x2  
  191  14:47  Drone, Extractor  
  191  14:48  Extractor  
  191  14:51  Zergling x2  
  191  14:52  Zergling x4  
  194  14:53  Baneling  
  194  14:54  Zergling x4  
  194  14:56  Baneling  
  194  14:57  Baneling x8, Zergling x4  
  194  14:58  Zergling x2  
  199  15:04  Zergling x2  
  199  15:06  Baneling x2  
  199  15:08  Zergling x2  
  200  15:19  Pneumatized Carapace  
  199  15:22  Overseer x4  
  199  15:26  Zergling x4  
  196  15:29  Zergling x18  
  193  15:39  Brood Lord x3  
  181  15:53  Brood Lord x2, Zergling x2  
  181  15:54  Zergling x40  
  192  16:04  Zergling x2  
  192  16:05  Drone x2  
  192  16:08  Zergling x2  
  192  16:09  Zergling x6  
  195  16:14  Zergling x4  
  195  16:16  Baneling x3  
  196  16:20  Zergling x6  
  173  16:35  Zergling x16  
  173  16:36  Zergling x6  
  173  16:38  Zergling x2  
  173  16:39  Zergling x4  
  159  16:43  Zergling x4  
  160  16:48  Zergling x2  
  160  16:50  Zergling x4  
  155  16:56  Zergling x6  
  155  16:58  Zergling x2  
Show
View Real Time Build Order
Export as new Build Order

SpeCial Terran 

Build Orders: Liberator Opening, Reaper Expand, Bio Tank 

Get SALT Encoding   

  12  0:01  SCV  
  13  0:13  SCV  
  14  0:17  Supply Depot  
  14  0:25  SCV  
  15  0:39  SCV  
  15  0:40  Barracks  
  16  0:43  Refinery  
  16  0:51  SCV  
  17  1:03  SCV  
  18  1:15  SCV  
  19  1:28  Reaper  
  19  1:29  Orbital Command  
  20  1:39  Command Center  
  20  1:48  Supply Depot  
  20  1:54  SCV  
  20  2:00  Marine  
  22  2:05  Factory  
  22  2:07  SCV  
  23  2:12  Refinery  
  23  2:19  SCV  
  23  2:21  Barracks Reactor  
  24  2:32  SCV  
  25  2:44  SCV  
  26  2:50  Starport  
  26  2:51  Orbital Command  
  26  2:56  SCV  
  27  3:05  Hellion x2  
  31  3:08  SCV  
  31  3:11  Barracks Tech Lab  
  31  3:12  Liberator  
  32  3:17  SCV  
  33  3:20  SCV  
  33  3:27  Hellion x2  
  38  3:29  SCV  
  38  3:32  SCV  
  43  3:36  Supply Depot  
  43  3:40  Stimpack  
  43  3:41  SCV  
  43  3:44  SCV  
  45  3:53  SCV  
  45  3:54  Supply Depot  
  46  3:57  SCV  
  46  3:58  Hellion x2  
  46  3:59  Marine  
  46  4:01  Supply Depot  
  52  4:07  SCV  
  54  4:10  SCV  
  54  4:21  Command Center  
  54  4:26  SCV x2, Barracks  
  54  4:29  Marine  
  54  4:30  Factory Tech Lab  
  57  4:36  Starport Reactor  
  57  4:38  SCV x2  
  58  4:39  Barracks  
  59  4:47  Marine  
  59  4:50  SCV x2  
  55  5:01  Siege Tank  
  55  5:02  SCV x2  
  55  5:05  Marine  
  57  5:10  Engineering Bay  
  57  5:12  Engineering Bay  
  55  5:14  Refinery, SCV  
  55  5:15  SCV, Refinery  
  55  5:16  Marine x2  
  59  5:21  Starport Reactor  
  59  5:23  Marine  
  59  5:26  SCV  
  59  5:27  SCV  
  62  5:33  Marine  
  62  5:34  Marine x3  
  66  5:38  SCV, Orbital Command  
  66  5:39  SCV  
  66  5:40  Marine  
  66  5:42  Siege Tank  
  72  5:46  Terran Infantry Weapons Level 1, Terran Infantry Armor Level 1  
  72  5:51  SCV, Combat Shields, Marine x3  
  72  5:53  Marine  
  72  5:56  SCV  
  78  5:58  Orbital Command, Marine  
  78  5:59  Medivac  
  78  6:02  Medivac  
  83  6:07  SCV  
  83  6:08  SCV  
  85  6:12  Supply Depot  
  85  6:15  Siege Tank, Marine x4  
  85  6:16  Marine  
  93  6:23  Supply Depot  
  93  6:33  Marine  
  93  6:34  SCV x3  
  93  6:39  Marine x4  
  99  6:44  Medivac x2  
  99  6:45  Barracks  
  99  6:46  SCV x3  
  108  6:47  Supply Depot  
  108  6:48  Supply Depot  
  108  6:51  Barracks  
  108  6:58  SCV  
  108  7:00  Supply Depot  
  109  7:04  Armory  
  109  7:07  SCV, Marine  
  109  7:08  Marine x4  
  109  7:09  SCV  
  109  7:11  SCV  
  109  7:14  Refinery  
  109  7:19  Refinery, SCV  
  109  7:21  SCV  
  111  7:23  SCV, Siege Tank, Medivac x2  
  111  7:25  Marine  
  111  7:26  Marine x3  
  120  7:31  SCV  
  120  7:36  Barracks  
  121  7:37  Barracks  
  121  7:38  Barracks  
  121  7:41  Marine  
  121  7:43  Marine  
  123  7:44  Barracks Reactor x2  
  123  7:55  Marine x3  
  123  7:56  Liberator  
  126  7:58  Marine  
  126  7:59  Terran Infantry Armor Level 2, Terran Infantry Weapons Level 2  
  126  8:01  Marine, Supply Depot x2  
  126  8:09  Terran Vehicle Weapons Level 1  
  126  8:13  Marine x3  
  126  8:16  Marine  
  126  8:19  Marine  
  131  8:25  Marine  
  132  8:28  Siege Tank, Marine x2  
  132  8:29  Marine  
  132  8:30  Barracks Tech Lab, Marine x2  
  132  8:31  Marauder  
  138  8:35  Barracks Tech Lab x2  
  138  8:36  Marine  
  138  8:38  Marine  
  140  8:43  Marine  
  140  8:46  Marine x2  
  140  8:48  Marine  
  144  8:50  Marine  
  144  8:53  Marauder, Sensor Tower  
  147  8:57  Marauder  
  147  9:02  Supply Depot x2  
  149  9:07  Command Center  
  149  9:14  Marine x3  
  149  9:15  Siege Tank, Marine x5  
  149  9:17  Marine  
  149  9:18  SCV  
  149  9:19  Liberator  
  149  9:20  SCV, Liberator  
  149  9:23  Marine x2  
  149  9:24  SCV  
  152  9:26  Marauder  
  152  9:30  SCV  
  155  9:31  Marine  
  155  9:32  Marine  
  155  9:34  Marine  
  155  9:37  SCV  
  154  9:42  SCV, Marine  
  154  9:43  Marauder, Marine x2  
  144  9:48  Siege Tank  
  144  9:51  Marine  
  144  9:52  Marauder, Marine x3  
  142  9:55  SCV  
  143  10:01  Marauder, Marine x2  
  143  10:02  Liberator  
  143  10:03  Marauder, Marine, Liberator  
  143  10:04  Marine  
  143  10:05  Marauder  
  153  10:07  SCV x2  
  153  10:13  Marauder  
  157  10:18  Planetary Fortress  
  154  10:30  Siege Tank  
  147  10:37  SCV x2  
  147  10:41  SCV  
  150  10:46  Marine x2  
  150  10:47  Marauder  
  150  10:48  Marine  
  150  10:49  Marauder, SCV, Marine  
  159  10:58  Concussive Shells  
  159  10:59  Terran Infantry Weapons Level 3  
  159  11:00  SCV  
  159  11:01  SCV  
  159  11:02  Refinery  
  159  11:03  Refinery  
  161  11:09  Siege Tank  
  161  11:10  Marine x2  
  161  11:11  Marauder, SCV  
  168  11:16  Marauder, Marine  
  172  11:20  Supply Depot  
  172  11:21  Ghost Academy  
  172  11:22  Supply Depot  
  172  11:30  Marine  
  172  11:31  Marine x5  
  171  11:40  SCV  
  171  11:41  SCV, Siege Tank  
  171  11:42  Marauder x2  
  171  11:44  Command Center  
  180  11:48  Medivac  
  180  11:49  Medivac  
  161  11:56  Ghost  
  161  11:57  Ghost, Marine  
  161  11:58  SCV  
  161  11:59  SCV x2  
  158  12:02  Terran Vehicle Weapons Level 2  
  148  12:10  SCV, Ghost x2  
  148  12:11  SCV x2, Marine x3  
  154  12:20  Medivac  
  154  12:21  Medivac  
  142  12:30  SCV x3  
  142  12:32  Marauder, Marine x3  
  142  12:33  Marauder, Siege Tank  
  142  12:34  Marine, Supply Depot  
  155  12:40  Marauder x2, Marine x3  
  155  12:43  Marine  
  160  12:51  Marine x3  
  160  12:53  SCV x3, Ghost, Marauder  
  160  12:56  Supply Depot  
  170  12:58  Marine  
  170  13:00  Ghost, Medivac  
  170  13:01  Marauder, Medivac  
  179  13:11  Marine  
  179  13:12  Marine x2  
  181  13:14  Ghost  
  181  13:17  Planetary Fortress  
  176  13:22  Ghost  
  176  13:27  SCV  
  171  13:32  Ghost x2  
  175  13:34  Medivac  
  175  13:37  Missile Turret  
  175  13:40  Medivac  
  179  13:47  Personal Cloaking  
  179  13:57  Sensor Tower  
  179  13:58  Orbital Command  
  167  14:15  Siege Tank  
  157  14:27  Ghost x3  
  163  14:34  Ghost  
  163  14:35  Marine  
  165  14:39  SCV x3  
  165  14:41  Refinery  
  165  14:43  SCV  
  165  14:44  Supply Depot  
  165  14:45  Refinery  
  169  14:46  Command Center  
  166  14:53  Marine x3  
  166  14:54  Marine  
  166  14:55  SCV  
  171  15:00  SCV  
  171  15:05  SCV x2, Supply Depot  
  171  15:06  Marauder x3  
  180  15:07  SCV  
  173  15:19  SCV  
  172  15:23  SCV x3  
  175  15:36  SCV x2  
  175  15:38  Ghost x2, Marine x2  
  175  15:39  Sensor Tower  
  183  15:47  Ghost x2  
  155  15:52  Marine x2  
  155  15:54  SCV  
  156  16:00  Unknown x2  
  156  16:06  Ghost x2  
  156  16:09  Marine x2  
  156  16:10  Marine x2  
  162  16:12  Marine  
  162  16:13  Marine  
  162  16:17  Ghost  
  163  16:21  SCV x3  
  126  16:38  Medivac x2  
  105  16:40  Marine x2  
  105  16:41  Marauder  
  90  16:48  Marine  
  90  16:49  Marauder, Marine  
  90  16:53  Marauder, Marine  
  78  16:55  Marauder, Marine x2, Unknown x2  
  78  16:57  Unknown x2  
Tags
 
Add a new tag
Caveats
  • Supply blocks, unpowered buildings, or Contaminate may cause inaccurate times.
  • Supply counts are checked every 10 seconds.